 Dungeon Crawl Stone Soup version 0.27.1-34-g3ba077fa99 (webtiles) character file.

Game seed: 5300984665357110294

38 pkoi the Insei (level 3, -1/31 HPs)
             Began as a Draconian Monk on Jan 11, 2022.
             Slain by Terence (8 damage)
             ... on level 2 of the Dungeon.
             The game lasted 00:01:35 (1367 turns).

pkoi the Insei (Draconian Monk)                     Turns: 1367, Time: 00:01:36

Health: -1/31      AC:  6    Str: 13    XL:     3   Next: 25%
Magic:  3/3        EV: 12    Int: 17    God:
Gold:   82         SH:  0    Dex: 13    Spells: 2/2 levels left

rFire    . . .     SeeInvis .     - Unarmed
rCold    . . .     Faith    .   (no shield)
rNeg     . . .     Spirit   .   (armour unavailable)
rPois    .         Reflect  .   (helmet restricted)
rElec    .         Harm     .   (no cloak)
rCorr    .         Rampage  .   d - +0 pair of gloves
Will     .....                  (no boots)
Stlth    ++........             (no amulet)
HPRegen  0.10/turn              g - +6 ring of intelligence
MPRegen  0.08/turn              (no ring)

@: mighty, weak-willed
A: AC +5, unfitting armour, cold-blooded
a: no special abilities


You were on level 2 of the Dungeon.
You visited 1 branch of the dungeon, and saw 2 of its levels.

You collected 82 gold pieces.

Inventory:

Hand Weapons
 c - a +2 long sword of holy wrath
Missiles
 e - 14 poisoned darts (quivered)
Armour
 d - a +0 pair of gloves (worn)
Jewellery
 g - a +6 ring of intelligence (left hand)
Scrolls
 b - a scroll of teleportation {unknown}


   Skills:
 - Level 3.2 Fighting
 - Level 2.6 Dodging
 - Level 1.7 Stealth
 + Level 4.4 Unarmed Combat


You had 2 spell levels left.
You didn't know any spells.
Your spell library contained the following spells:

 Spells                   Type           Power      Damage    Failure   Level
 Corona                   Hex            0%         N/A       24%         1
 Ensorcelled Hibernation  Hex/Ice        0%         N/A       34%         2
 Tukima's Dance           Hex            0%         N/A       56%         3
 Fireball                 Conj/Fire      0%         3d3       100%        5
 Conjure Ball Lightning   Conj/Air       0%         3x3d6     100%        6
 Spellforged Servitor     Conj/Summ      0%         N/A       100%        7


Dungeon Overview and Level Annotations

Branches:
Dungeon (2/15)

Altars:

Shops:
D:1 (?[[?

Annotations:
D:2 Terence


Innate Abilities, Weirdness & Mutations

Your plain brown scales are hard. (AC +5)
You cannot fit into any form of body armour.
You are cold-blooded and may be slowed by cold attacks.


Message History

A worm comes into view.
Terence hits you with a +3 flail of protection!
The adder barely misses you. The adder bites you but does no damage.
You feel sick.
You feel sick.
A goblin comes into view. It is wielding a +0 quarterstaff.
You feel sick. The adder closely misses you.
You feel sick.
Your +2 long sword of holy wrath stops glowing.
You are now empty-handed.
You feel sick.
You are no longer poisoned.
It was a potion of might.
You feel very mighty all of a sudden. The adder misses you.
As you read the scroll labelled ALLIED MONKYG, it crumbles to dust.
Magic quickly surges around you.
It was a scroll of vulnerability.
The adder bites you.
* * * LOW HITPOINT WARNING * * *
The adder bites you but does no damage.
You punch the adder!
You kill the adder!
An endoplasm comes into view.
Your Unarmed Combat skill increases to level 4!
The endoplasm quivers.
You punch the kobold!
You kill the kobold!
You have reached level 3!
Your experience leads to an increase in your attributes!
Your base attributes are Str 13, Int 10, Dex 13.
Increase (S)trength, (I)ntelligence, or (D)exterity?
You feel clever.
Your scales feel tougher.
You completely miss the adder. You tail-slap the adder.
The adder is heavily wounded.
The adder closely misses you.
You hit the adder.
You kill the adder!
You punch Terence!
Terence is heavily wounded.
Terence hits you with a +3 flail of protection!
You die...

###.......#####
#..............
#.#.......#..
#.#.#..####.#
#.#.#..####.#
#.#.#.......#
#.#.#####...# # #.#.#
#...# # #.#@# #...# #
#.#@#####...########
#>......g...........
#.#.#####...###....#
#..J# #...###....#
##......#...........
........+...........
..........#...........
....<.......#.##########


You could see Terence (weak-willed) and an endoplasm.

Vanquished Creatures
  2 adders (D:2)
  A worm (D:2)
  2 ball pythons (D:1)
  2 endoplasms (D:1)
  3 goblins
  A hobgoblin (D:1)
  3 kobolds
  A bat (D:1)
  A frilled lizard (D:2)
  A rat (D:2)
17 creatures vanquished.

Notes
Turn   | Place    | Note
-------+----------+-------------------------------------------
     0 | D:1      | pkoi the Draconian Monk began the quest for the Orb.
     0 | D:1      | Reached XP level 1. HP: 19/19 MP: 1/1
    80 | D:1      | Found Fophuhyty's Antique Armour Emporium.
   440 | D:1      | Got Ymublieq's Catalogue of Arcane Weapons
   555 | D:1      | Found Ynocrick's Antique Weapon Emporium.
   560 | D:1      | Found Aczypp's Magic Scroll Shoppe.
   562 | D:1      | Reached XP level 2. HP: 26/26 MP: 2/2
   794 | D:1      | Found Caef's Magic Scroll Emporium.
   831 | D:1      | Found Vuesoilo's Armour Emporium.
  1349 | D:2      | Noticed Terence
  1364 | D:2      | Reached skill level 4 in Unarmed Combat
  1365 | D:2      | Reached XP level 3. HP: 6/31 MP: 3/3
  1367 | D:2      | Slain by Terence

Illustrated notes

Levels and vault maps discovered:
D:1:      sevenhm_arrival_forest_fort_large_4, layout_loops_cross, serial_shops,
          shop, nicolae_square_shop, nicolae_lakefront_shop, shop,
          shop_fountains, hangedman_decor_push
D:2:      layout_basic, serial_shops, nicolae_diamond_shop, uniq_sigmund,
          uniq_terence

Skill      XL: |  1  2 |
---------------+-------+-----
Unarmed Combat | 4 |  4.4
Fighting       | |  3.2
Dodging        | |  2.6
Stealth        | |  1.7

Action                   || total
-------------------------++-------
Melee: Long sword        ||    23
       Unarmed           ||    10
       Tailslap          ||     4
Throw: Dart              ||     7
  Use: Scroll            ||     1
       Potion            ||     1
 Stab: Sleeping          ||     3
       Distracted        ||     1
Armor: Skin              ||    18
Dodge: Dodged            ||    26
       Rpst.: Long sword ||     4
